 Dungeon Crawl Stone Soup version 0.29-a0-341-g24ffce5b50 (webtiles) character file.

Game seed: 6703808370729540916

39 dolemite99 the Chopper (level 3, -2/31 HPs)
             Began as a Hill Orc Fighter on Apr 21, 2022.
             Was an Initiate of Yredelemnul.
             Slain by a black bear (8 damage)
             ... on level 2 of the Dungeon.
             The game lasted 00:01:19 (1220 turns).

dolemite99 the Chopper (Hill Orc Fighter)           Turns: 1220, Time: 00:01:19

Health: -2/31      AC:  6    Str: 20    XL:     3   Next: 45%
Magic:  3/3        EV:  9    Int:  8    God:    Yredelemnul [......]
Gold:   175        SH:  4    Dex: 10    Spells: 2/2 levels left

rFire   . . .      SeeInvis .   a - +0 war axe
rCold   . . .      Faith    .   c - +0 buckler
rNeg    . . .      Spirit   .   b - +0 scale mail
rPois   .          Reflect  .   (no helmet)
rElec   .          Harm     .   (no cloak)
rCorr   .          Rampage  .   (no gloves)
Will    .....                   (no boots)
Stlth   ..........              (no amulet)
HPRegen 0.10/turn               (no ring)
MPRegen 0.08/turn               (no ring)

@: mighty
A: no striking features
a: Renounce Religion, Recall Undead Harvest


You were on level 2 of the Dungeon.
You worshipped Yredelemnul.
Yredelemnul was noncommittal.
You visited 1 branch of the dungeon, and saw 2 of its levels.

You collected 175 gold pieces.

Inventory:

Hand Weapons
 a - a +0 war axe (weapon)
Armour
 b - a +0 scale mail (worn)
 c - a +0 buckler (worn)
Jewellery
 i - an amulet of reflection
Scrolls
 e - a scroll of brand weapon {unknown}
 g - a scroll of identify {unknown}
 j - a scroll of enchant weapon {unknown}
 l - a scroll of fog {unknown}
Potions
 f - a potion of mutation {unknown}
 h - a potion of curing {unknown}
 k - a potion of heal wounds {unknown}


   Skills:
 - Level 3.6 Fighting
 + Level 5.0 Axes
 - Level 3.2 Armour
 - Level 3.2 Shields


You had 2 spell levels left.
You didn't know any spells.
Your spell library contained the following spells:

 Spells                   Type           Power      Damage    Failure   Level
 Sandblast                Erth           0%         2d4       85%         1
 Ensorcelled Hibernation  Hex/Ice        0%         N/A       94%         2
 Passwall                 Tmut/Erth      0%         N/A       94%         2
 Inner Flame              Hex/Fire       0%         N/A       99%         3
 Stone Arrow              Conj/Erth      0%         3d7       99%         3
 Swiftness                Air            0%         N/A       99%         3
 Cause Fear               Hex            0%         N/A       100%        4
 Discord                  Hex            0%         N/A       100%        8


Dungeon Overview and Level Annotations

Branches:
Dungeon (2/15)

Altars:
Yredelemnul


Message History

Your spectral endoplasm is destroyed!
Your spectral endoplasm hits the black bear but does no damage.
You feel very mighty all of a sudden.
Your spectral endoplasm hits the black bear but does no damage.
The black bear bites your spectral endoplasm!
Your spectral endoplasm is destroyed!
Unknown command.
What are your orders? t - Shout!
Orders for allies: a - Attack new target. r - Retreat! s - Stop attacking. g - Guard the area. f - Follow me.
Anything else - Cancel.
Guard this area!
Your kobold zombie hits the black bear but does no damage.
The black bear bites your kobold zombie.
The black bear claws your kobold zombie. x2
Your kobold zombie is destroyed!
You closely miss the black bear. The black bear bites you.
The black bear claws you.
The black bear claws you but does no damage.
You slash the black bear!
The black bear is severely wounded.
The black bear bites you. You block the black bear's attack.
The black bear barely misses you.
You hit the black bear.
The black bear is almost dead.
The black bear barely misses you.
The black bear claws you but does no damage.
The black bear closely misses you.
The black bear goes berserk!
You barely miss the black bear.
The black bear is almost dead.
The black bear bites you! The black bear claws you. x2
The black bear barely misses you. The black bear claws you. x2
* * * LOW HITPOINT WARNING * * *
You barely miss the black bear.
The black bear is almost dead.
The black bear bites you!
You die...
Your body rises from the dead as a mindless zombie.

#.# ### #.. ..# #.# #.# ####
#.# #.# #..# ########'## #.#
#..# ..........# #.# ###..##
..........# #.#####P#....
.........h####.##.##.#....
###......@><......##.#....
#####........).<.#..####....
#................#..# #....
#...................####....
#.................#.........
#.....###.........#..##.....
#.................#......#+#
#................##......#.#
#................##......#<#


You could see a black bear (berserk).

Vanquished Creatures
  6 ball pythons
  3 bats
  4 endoplasms (D:2)
  2 giant cockroaches (D:1)
  2 goblins (D:1)
  3 hobgoblins
  3 quokkas (D:1)
  2 frilled lizards (D:1)
  2 kobolds (D:1)
  5 rats
32 creatures vanquished.

Vanquished Creatures (collateral kills)
  A dart slug (D:2)
  A quokka (D:1)
  A kobold (D:2)
3 creatures vanquished.

Vanquished Creatures (others)
  A bat zombie (D:2)
  A kobold zombie (D:2)
  2 spectral endoplasms (D:2)
4 creatures vanquished.

Grand Total: 39 creatures vanquished

Notes
Turn   | Place    | Note
-------+----------+-------------------------------------------
     0 | D:1      | dolemite99 the Hill Orc Fighter began the quest for the
                  | Orb.
     0 | D:1      | Reached XP level 1. HP: 19/19 MP: 1/1
    19 | D:1      | Reached skill level 3 in Axes
   127 | D:1      | Reached XP level 2. HP: 24/26 MP: 2/2
   175 | D:1      | Found a basalt altar of Yredelemnul.
   183 | D:1      | Reached skill level 4 in Axes
   199 | D:1      | Became a worshipper of Yredelemnul the Dark
   467 | D:1      | Reached * piety under Yredelemnul
   549 | D:1      | Reached XP level 3. HP: 29/31 MP: 3/3
   782 | D:2      | Found a faded altar of an unknown god.
  1109 | D:2      | Reached skill level 5 in Axes
  1206 | D:2      | Noticed a black bear
  1220 | D:2      | Slain by a black bear

Illustrated notes

Levels and vault maps discovered:
D:1:      nzn_arrival_crosshair, layout_rooms, minmay_hexomino_r4
D:2:      layout_basic, hellmonk_ecumenical_altar_slurped_away, serial_aquarium,
          aquarium_bridge_square [aquarium_subvault_bridge,
          aquarium_subvault_window, aquarium_subvault_wall,
          aquarium_subvault_bridge], aquarium_window_double, aquarium_window_2,
          aquarium_window_3, aquarium_window_1, aquarium_view_2d,
          aquarium_pool_2

Skill      XL: |  1  2  3 |
---------------+----------+-----
Axes           | 3 4 5 |  5.0
Fighting       | |  3.6
Armour         | |  3.2
Shields        | |  3.2

Action                   || total
-------------------------++-------
Melee: War axe           ||    70
  Use: Potion            ||     1
 Stab: Distracted        ||     1
Armor: Scale mail        ||    27
Dodge: Dodged            ||    29
Block: Buckler           ||    21

Table legend: (Time is in decaauts)
 A = Elapsed time spent in this place.
 B = Non-inter-level travel time spent in this place.
 C = Inter-level travel time spent in this place.
 D = Time resting spent in this place.
 E = Time spent auto-exploring this place.
 F = Levels seen in this place.
 G = Mean time per level.
                   A        B        C        D        E       F      G
               +--------+--------+--------+--------+--------+-----+--------+
         Total |   1242 |   1215 |     27 |      0 |    925 |   2 |  621.0 |
       Dungeon |   1242 |   1215 |     27 |      0 |    925 |   2 |  621.0 |
               +--------+--------+--------+--------+--------+-----+--------+

Top non-repeatable levels by time:
     D:1: 648 daAuts
     D:2: 594 daAuts
